 Dungeon Sprint DCSS version 0.31-a0-1469-gd420192249 (webtiles) character file.

Game seed: 531663863467068890

3294 dialectric the Ninja (level 9, -3/39 HPs)
             Began as a Spriggan Brigand on Dec 29, 2023.
             Was a Priest of Dithmenos.
             Shot with an arrow by a centaur warrior (17 damage)
             ... in the Dungeon (Sprint I: "Red Sonja").
             The game lasted 00:02:41 (334 turns).

dialectric the Ninja (Spriggan Brigand)              Turns: 334, Time: 00:02:42

Health: -3/39      AC:  4    Str:  7    XL:     9   Next: 69%
Magic:  10/10      EV: 19    Int: 12    God:    Dithmenos [***...]
Gold:   803        SH:  0    Dex: 21    Spells: 8/8 levels left

rFire   . . .        a - +2 dagger
rCold   . . .        (no shield)
rNeg    . . .        l - +0 troll leather armour
rPois   .            (helmet restricted)
rElec   .            c - +0 cloak
rCorr   .            (gloves unavailable)
SInv    +            (boots unavailable)
Will    +....        (no amulet)
Stlth   +++++++      (no ring)
HPRegen 0.26/turn    (no ring)
MPRegen 0.12/turn

%: no teleportation
@: wreathed by umbra, slow
A: very small, no large weapons, unfitting armour, see invisible, speed 3, frail
2
a: Renounce Religion, Shadow Step


You were in the Dungeon.
You worshipped Dithmenos.
Dithmenos was most pleased with you.
You visited 1 branch You collected 803 gold pieces.

Inventory:

Hand Weapons
 a - a +2 dagger (weapon)
 n - a +1 short sword of distortion
Missiles
 d - 9 poisoned darts
 o - 2 curare-tipped darts
Armour
 b - a +0 robe
 c - a +0 cloak (worn)
 l - a +0 troll leather armour (worn)
 m - a +0 buckler
Wands
 e - a wand of quicksilver (4)
Scrolls
 k - a scroll of blinking
 p - a scroll of amnesia {unknown}
 q - a scroll of vulnerability {unknown}
Potions
 f - 4 potions of curing
 g - 2 potions of heal wounds
 h - a potion of haste
 i - 2 potions of magic
 j - a potion of berserk rage


   Skills:
 + Level 6.5 Fighting
 + Level 10.6 Short Blades
 - Level 3.4 Throwing
 + Level 4.6 Dodging
 O Level 27 Stealth
 + Level 2.2 Evocations


You had 8 spell levels left.
You didn't know any spells.
Your spell library contained the following spells:

 Spells                   Type           Power      Damage    Failure   Level
 Foxfire                  Conj/Fire      0%         2x1d4     45%         1
 Hailstorm                Conj/Ice       0%         3d5       83%         3
 Summon Ice Beast         Ice/Summ       0%         N/A       83%         3
 Plasma Beam              Fire/Air       0%         2x1d10    100%        6
 Sculpt Simulacrum        Ice/Alch       0%         N/A       100%        6
 Starburst                Conj/Fire      0%         6d3       100%        6


Dungeon Overview and Level Annotations

Branches:
Dungeon (1/1)

Altars:
Cheibriados
Dithmenos
Elyvilon
Fedhas
Gozag
Hepliaklqana
Kikubaaqudgha
Makhleb
Nemelex Xobeh
Okawaru
Qazlal
Ru
Sif Muna
Trog
Uskayaw
Vehumet
Wu Jian
Xom
Yredelemnul
Zin
The Shining One
Jiyva
Lugonu

Shops:
D *=[


Innate Abilities, Weirdness & Mutations

You are very small and have problems with some larger weapons.
You are too small for most types of armour.
You have supernaturally acute eyesight. (SInv)
You cover ground extremely quickly. (Speed+++)
You are very frail. (-20% HP)


Message History

You finish taking off your +0 robe.
You start putting on your armour.
You continue putting on your +0 troll leather armour. x5
You finish putting on your +0 troll leather armour.
The armour cannot attune itself to your injured body.
Unknown command.
There is an open door here.
You open the door.
Found a sling and a scroll labelled IPNYNIDINEXT.
Found a potion of heal wounds and a scroll labelled WOIGRO LEY.
There is an open door here.
p - a scroll labelled IPNYNIDINEXT You see here a +0 sling.
g - 2 potions of heal wounds (gained 1)
q - a scroll labelled WOIGRO LEY You open the door. 2 centaur warriors come into view.
Found 13 gold pieces and 2 potions of berserk rage.
There is an open door here.
You enter the shallow water.
Moving in this stuff is going to be slow.
Your unstable footing causes you to fumble your attack.
The centaur warrior misses you.
The centaur warrior kicks you but does no damage.
Unknown command.
The centaur warrior hits you but does no damage.
The centaur warrior barely misses you.
Unknown command.
You hit the centaur warrior.
The centaur warrior is lightly wounded.
The centaur warrior hits you!
The centaur warrior completely misses you.
The centaur warrior hits you. The centaur warrior kicks you.
Unknown command.
You enter the shallow water.
Moving in this stuff is going to be slow.
The centaur warrior hits you. The centaur warrior closely misses you.
The centaur warrior wields a +0 orcbow.
The centaur warrior shoots an arrow.
The arrow hits you!
You die...

########################
.#..'..#.)'..#__#..'..)#
.'..#.)'..#†.'..'..#...#
)#####+#####'#__####)..+
.#### #...#.####§§#####
.#__####..##.#§§§§§#
.#_____##'#_.+~§§c§+
⌠#_.∩...'..._#§§@§c#
##_..__##_.#'##§####
#_____###'#.#§§..###
##########.####§###[##
........'...'.§§..'.∩#
#++++####...##########
GG....####.###
....G..#.#'#.#
.#.....#.....#


You could see 2 centaur warriors.

Vanquished Creatures
  Sonja (D)
  A deep troll (D)
  2 shining eyes (D)
  2 kobold demonologists (D)
  2 glass eyes (D)
  Sigmund (D)
  A slime creature (D)
  A yak (D)
  An ogre (D)
  A jelly (D)
  Ijyb (D)
  A ballistomycete spore (D)
15 creatures vanquished.

Vanquished Creatures (others)
  A ballistomycete spore (D)
1 creature vanquished.

Grand Total: 16 creatures vanquished

Notes
Turn   | Place    | Note
-------+----------+-------------------------------------------
     0 | D        | dialectric the Spriggan Brigand began the quest for the
                  | Orb.
     0 | D        | Reached XP level 1. HP: 10/10 MP: 2/2
     1 | D        | Noticed Ijyb
    10 | D        | Killed Ijyb
    11 | D        | Reached skill level 9 in Stealth
    11 | D        | Reached XP level 2. HP: 15/15 MP: 3/3
    20 | D        | Noticed an ogre
    22 | D        | Killed an ogre
    23 | D        | Reached skill level 13 in Stealth
    23 | D        | Reached XP level 3. HP: 19/19 MP: 4/4
    23 | D        | Reached XP level 4. HP: 23/23 MP: 5/5
    25 | D        | Noticed Sigmund
    27 | D        | Killed Sigmund
    28 | D        | Reached skill level 17 in Stealth
    28 | D        | Reached XP level 5. HP: 28/28 MP: 6/6
    28 | D        | Reached XP level 6. HP: 32/32 MP: 7/7
    40 | D        | Found a shimmering blue altar of Sif Muna.
    41 | D        | Found an ornate altar of the Wu Jian Council.
    42 | D        | Found a radiant altar of Vehumet.
    55 | D        | Reached skill level 5 in Short Blades
    84 | D        | Found Qeenk's Jewellery Emporium.
    84 | D        | Found an ancient bone altar of Kikubaaqudgha.
    84 | D        | Found a hazy altar of Hepliaklqana.
    84 | D        | Found a hide-covered altar of Uskayaw.
    84 | D        | Found a basalt altar of Yredelemnul.
    84 | D        | Found an opulent altar of Gozag.
    84 | D        | Found a snail-covered altar of Cheibriados.
    84 | D        | Found a sacrificial altar of Ru.
    84 | D        | Found a shadowy altar of Dithmenos.
    84 | D        | Noticed a yak
    85 | D        | Found a stormy altar of Qazlal.
    85 | D        | Found a blossoming altar of Fedhas.
    85 | D        | Found a bloodstained altar of Trog.
    85 | D        | Found an iron altar of Okawaru.
    85 | D        | Found a glowing golden altar of the Shining One.
    85 | D        | Found a glowing silver altar of Zin.
    85 | D        | Found a white marble altar of Elyvilon.
    86 | D        | Killed a yak
    87 | D        | Reached skill level 19 in Stealth
    87 | D        | Found a sparkling altar of Nemelex Xobeh.
    95 | D        | Became a worshipper of Dithmenos the Shadowed
   111 | D        | Found a burning altar of Makhleb.
   111 | D        | Found a shimmering altar of Xom.
   111 | D        | Noticed a slime creature
   112 | D        | Found a viscous altar of Jiyva.
   112 | D        | Found a corrupted altar of Lugonu.
   114 | D        | Killed a slime creature
   115 | D        | Reached skill level 20 in Stealth
   115 | D        | Reached XP level 7. HP: 28/37 MP: 8/8
   127 | D        | Noticed a kobold demonologist
   128 | D        | Noticed a glass eye
   128 | D        | Noticed a kobold demonologist
   130 | D        | Killed a glass eye
   131 | D        | Reached skill level 22 in Stealth
   131 | D        | Killed a kobold demonologist
   131 | D        | Reached * piety under Dithmenos
   132 | D        | Reached skill level 23 in Stealth
   132 | D        | Reached XP level 8. HP: 35/42 MP: 9/9
   133 | D        | Killed a kobold demonologist
   134 | D        | Reached skill level 24 in Stealth
   157 | D        | Noticed Sonja
   161 | D        | Killed Sonja
   162 | D        | Reached skill level 26 in Stealth
   179 | D        | Found Nisi's Assorted Antiques.
   181 | D        | Noticed a glass eye
   181 | D        | Noticed a shining eye
   181 | D        | Noticed a glass eye
   181 | D        | Noticed a shining eye
   181 | D        | Noticed a glass eye
   181 | D        | Noticed a shining eye
   182 | D        | Noticed a shining eye
   182 | D        | Noticed a shining eye
   182 | D        | Noticed a shining eye
   183 | D        | Noticed a glass eye
   183 | D        | Noticed a shining eye
   183 | D        | Noticed a shining eye
   184 | D        | Killed a shining eye
   184 | D        | Reached ** piety under Dithmenos
   185 | D        | Reached skill level 27 in Stealth
   185 | D        | Reached XP level 9. HP: 46/46 MP: 10/10
   187 | D        | Reached skill level 5 in Fighting
   187 | D        | Gained mutation: You are frail. (-10% HP) [a shining eye]
   188 | D        | Killed a shining eye
   190 | D        | Gained mutation: You are very frail. (-20% HP) [a shining
                  | eye]
   244 | D        | Noticed a deep troll
   269 | D        | Killed a deep troll
   269 | D        | Reached *** piety under Dithmenos
   270 | D        | Reached skill level 10 in Short Blades
   297 | D        | Found Omneh's Armour Emporium.
   329 | D        | Noticed a centaur warrior
   329 | D        | Noticed a centaur warrior
   334 | D        | Shot with an arrow by a centaur warrior

Illustrated notes

Levels and vault maps discovered:
D:        dungeon_sprint_1 [red_sonja_temple_1, red_sonja_temple_small_1]

Skill      XL: |  1  2  3  4  5  6  7  8  9 |
---------------+----------------------------+-----
Fighting       | 2 3 4 6 |  6.5
Stealth        | 9 13 17 20 23 27 | 27.0
Short Blades   | 3 4 5 6 7 10 | 10.6
Throwing       | 3 |  3.4
Dodging        | 2 3 4 |  4.6
Evocations     | 2 |  2.2

Action                     |  1- 3 |  4- 6 |  7- 9 || total
---------------------------+-------+-------+-------++-------
  Melee: Dagger            |     1 |    11 |    12 ||    24
         Punch             |       |     1 |       ||     1
  Throw: Dart              |     3 |       |     4 ||     7
  Evoke: Wand              |       |       |     3 ||     3
   Stab: Sleeping          |     1 |     3 |     8 ||    12
 Armour: Robe              |       |     1 |     3 ||     4
         Troll leather arm |       |       |     7 ||     7
  Dodge: Dodged            |     1 |     5 |     6 ||    12

Table legend: (Time is in decaauts)
 A = Elapsed time spent in this place.
 B = Non-inter-level travel time spent in this place.
 C = Inter-level travel time spent in this place.
 D = Time resting spent in this place.
 E = Time spent auto-exploring this place.
 F = Levels seen in this place.
 G = Mean time per level.
                   A        B        C        D        E       F      G
               +--------+--------+--------+--------+--------+-----+--------+
         Total |    237 |    237 |      0 |      0 |      0 |   1 |  237.0 |
       Dungeon |    237 |    237 |      0 |      0 |      0 |   1 |  237.0 |
               +--------+--------+--------+--------+--------+-----+--------+

Top non-repeatable levels by time:
       D: 237 daAuts
